General information
- name: BNet
- type: Ladder 1vs1/FFA
- host: Battle.net
- saver: FEWA
map: EchoIsles
- players: 2
- length: 14:13
- speed: Fast
- version: 1.26 W3XP
- replay type: Public
» download(57 KB)
Players
team 1 (loser)
Crafty (
red | 127 APM | 1810 actions | 14:12)
4 Beastmaster
2 Summon Quilbeast
2 Summon Hawk
» actions
| Assign group hotkey | 58 | |
| Basic commands | 28 | |
| Build / train | 55 | |
| Enter build submenu | 16 | |
| Enter hero's abilities submenu | 4 | |
| Give item / drop item | 2 | |
| Right click | 788 | |
| Select / deselect | 358 | |
| Select group hotkey | 360 | |
| Use ability | 141 | |
1810 total
» units
» upgrades
| Ultravision | 1 | |
| Strength of the Moon | 1 | |
| Moon Armor | 1 | |
3 total
» buildings
| Altar of Elders | 2 | |
| Moon Well | 7 | |
| Hunter's Hall | 1 | |
| Ancient of War | 2 | |
| Ancient of Wonders | 1 | |
| Tree of Life | 2 | |
| Tree of Ages | 1 | |
| Ancient of Lore | 1 | |
17 total
» build order
00:07 Altar of Elders
00:10 Moon Well
00:32 Altar of Elders
01:38 Hunter's Hall
01:42 Ancient of War
02:11 Ancient of War
02:31 Moon Well
02:32 Moon Well
02:37 Moon Well
02:56 Moon Well
04:54 Ancient of Wonders
05:39 Tree of Life
06:44 Moon Well
07:27 Moon Well
08:14 Tree of Ages
09:05 Tree of Life
12:19 Ancient of Lore
» items
| Lesser Clarity Potion | 2 | |
| Scroll of Healing | 3 | |
| Scroll of Town Portal | 1 | |
6 total
team 2 (winner)
FEWA (
pink | 109 APM | 1544 actions | 14:13)
5 Priestess of the Moon
2 Searing Arrows
3 Trueshot Aura
3 Pandaren Brewmaster
2 Breath of Fire
1 Drunken Haze
» actions
| Assign group hotkey | 29 | |
| Basic commands | 23 | |
| Build / train | 50 | |
| ESC pressed | 1 | |
| Enter build submenu | 16 | |
| Enter hero's abilities submenu | 9 | |
| Right click | 834 | |
| Select / deselect | 401 | |
| Select group hotkey | 128 | |
| Use ability | 53 | |
1544 total
» units
» upgrades
| Moon Armor | 2 | |
| Strength of the Moon | 1 | |
| Abolish Magic | 1 | |
| Strength of the Wild | 1 | |
5 total
» buildings
| Altar of Elders | 1 | |
| Moon Well | 6 | |
| Hunter's Hall | 1 | |
| Ancient of War | 2 | |
| Tree of Ages | 1 | |
| Ancient of Lore | 2 | |
| Ancient of Wonders | 1 | |
| Ancient Protector | 1 | |
15 total
» build order
00:08 Altar of Elders
00:17 Moon Well
01:42 Hunter's Hall
01:44 Ancient of War
01:59 Ancient of War
02:14 Moon Well
02:42 Moon Well
05:19 Moon Well
05:40 Tree of Ages
09:28 Ancient of Lore
10:15 Ancient of Lore
10:25 Moon Well
12:15 Ancient of Wonders
12:22 Moon Well
13:13 Ancient Protector
» items
Chat log
(00:13 / All) FEWA: this is my first game in the tournament
(00:18 / All) Crafty: lol
(00:20 / All) FEWA: no joke
(00:26 / All) Crafty: i played in each round
(00:31 / All) FEWA: no show r1 r3
(00:33 / All) FEWA: freewin r2
(00:51 / All) Crafty: gghf
(00:55 / All) Crafty: youre mugaro ye?
(00:58 / All) FEWA: yeah
(01:04 / All) FEWA: dont play anymore though so im pretty filth
(01:07 / All) Crafty: how come dont use real acct
(01:12 / All) FEWA: mugaro expired
(01:22 / All) Crafty: damn
(01:24 / All) FEWA: and 418 i dont need bonus wins
(01:27 / All) Crafty: make new one mb
(01:37 / All) FEWA: this is my dota smurf
(01:43 / All) Crafty: lol
(01:50 / All) FEWA: i get banned on 418 all the time
(01:58 / All) Crafty: whys that
(02:10 / All) FEWA: griefing, etc
(02:18 / All) FEWA: callign people niggers
(02:29 / All) Crafty: lol
(13:49 / All) Crafty: gg
(13:50 / All) FEWA: gg